 Dungeon Sprint DCSS version 0.16-a0-3761-g2321f2b (console) character file.

515 Monkaria the Grappler (level 7, -4/78 HPs)
             Began as a Troll Fighter on Jan 24, 2015.
             Slain by Sonja
             ... wielding a +0 short sword of distortion
              (12 damage)
             ... in the Dungeon (Sprint I: "Red Sonja").
             The game lasted 00:01:53 (304 turns).

Monkaria the Grappler (Troll Fighter)                Turns: 304, Time: 00:01:54

Health: -4/78      AC:  5    Str: 27    XL:     7   Next: 0%
Magic:  3/3        EV:  8    Int:  4    God:
Gold:   105        SH: 10    Dex:  9    Spells: 0 memorised, 6 levels left

rFire  . . .     SeeInvis .       - Unarmed
rCold  . . .     Clarity  .     b - +0 robe
rNeg   . . .     SustAb   .     c - +0 shield
rPois  .         Gourm    +     (helmet restricted)
rElec  .         Spirit   .     (no cloak)
rCorr  .         Warding  .     (gloves unavailable)
rMut   .         NoTele   +     (boots unavailable)
MR     .....                    (no amulet)
Stlth  +.........               (no ring)
                                (no ring)

@: lethally poisoned, very slightly contaminated, slowed, invisible, very slow,
not resistant to hostile enchantments, very unstealthy
A: unfitting armour, claws 3, fast metabolism 3, gourmand, regeneration 2,
shaggy fur 1, tough skin 2
a: no special abilities


You were in the Dungeon.
You were completely stuffed.

You visited 1 branch You collected 297 gold pieces.
You spent 192 gold pieces at shops.

Inventory:

Armour
 b - a +0 robe (worn)
 c - a +0 shield (worn)
Magical devices
 k - a wand of enslavement (6)
Scrolls
 j - a scroll of blinking
 m - a scroll of immolation {unknown}
Potions
 d - 2 potions of curing
 e - a potion of might
 g - a potion of haste
 h - 2 potions of magic
 i - a potion of berserk rage
Comestibles
 a - 2 meat rations
 l - 6 chunks of flesh


   Skills:
 - Level 7.2 Fighting
 - Level 2.4 Armour
 + Level 5.9 Shields
 - Level 10.9 Unarmed Combat


You had 6 spell levels left.
You didn't know any spells.

Dungeon Overview and Level Annotations

Branches:
Dungeon (1/1)

Altars:
Cheibriados
Dithmenos
Elyvilon
Fedhas
Gozag
Kikubaaqudgha
Makhleb
Nemelex Xobeh
Okawaru
Qazlal
Ru
Sif Muna
Trog
Vehumet
Xom
Yredelemnul
Zin
The Shining One
Jiyva

Shops:
D !

Annotations:
D Sonja


Innate Abilities, Weirdness & Mutations

You are too large for most types of armour.
You have claws for hands.
Your metabolism is lightning-fast.
You like to eat raw meat.
You heal very quickly.
You are covered in fur (AC +1).
You have very tough skin (AC +2).


Message History

Sonja hits you with an uncursed short sword of distortion.
Space bends around you. You block Sonja's attack. You block Sonja's attack.
Sonja hits you but does no damage. Space warps horribly around you!
* * * LOW HITPOINT WARNING * * *
Unknown command.
Drink which item? (? for menu, Esc to quit)
You feel much better.
You feel sick. Sonja hits you but does no damage.
Space warps horribly around you!
* * * LOW HITPOINT WARNING * * *
Sonja hits you but does no damage. Space bends around you.
* * * LOW HITPOINT WARNING * * *
Sonja hits you with an uncursed short sword of distortion.
* * * LOW HITPOINT WARNING * * *
Space bends around you.
* * * LOW HITPOINT WARNING * * *
You block Sonja's attack.
Sonja hits you with an uncursed short sword of distortion.
* * * LOW HITPOINT WARNING * * *
Space warps horribly around you!
You die...

#..#__####..##.#
#..#_..__##'#..+
#⌠⌠#_.∩...'..._#
####_..._##_.#+#
#_____###(#
#########(##


+$($+ #$.$# ##@## #K# *$* $)$$$ ####### You could see Sonja and 2 giant spores.

Vanquished Creatures
  A slime creature (D)
  A yak (D)
  An ogre (D)
  Sigmund (D)
  A jelly (D)
  Ijyb (D)
6 creatures vanquished.

Notes
Turn   | Place    | Note
--------------------------------------------------------------
     0 | D        | Monkaria, the Troll Fighter, began the quest for the Orb.
     0 | D        | Reached XP level 1. HP: 22/22 MP: 1/1
     2 | D        | Noticed Ijyb
    14 | D        | Killed Ijyb
    14 | D        | Reached skill level 5 in Unarmed Combat
    14 | D        | Reached XP level 2. HP: 26/29 MP: 1/1
    31 | D        | Noticed an ogre
    37 | D        | Killed an ogre
    37 | D        | Reached skill level 9 in Unarmed Combat
    37 | D        | Reached XP level 3. HP: 21/36 MP: 2/2
    37 | D        | Reached XP level 4. HP: 25/44 MP: 2/2
    72 | D        | Noticed Sigmund
    84 | D        | Killed Sigmund
    84 | D        | Reached skill level 10 in Unarmed Combat
    84 | D        | Reached XP level 5. HP: 34/50 MP: 2/2
   138 | D        | Found a snail-covered altar of Cheibriados.
   138 | D        | Found a viscous altar of Jiyva.
   138 | D        | Found a shadowy altar of Dithmenos.
   138 | D        | Found a blossoming altar of Fedhas.
   138 | D        | Noticed a slime creature
   148 | D        | Killed a slime creature
   148 | D        | Reached XP level 6. HP: 13/71 MP: 3/3
   243 | D        | Found a deep blue altar of Sif Muna.
   244 | D        | Noticed a jelly
   245 | D        | Found a radiant altar of Vehumet.
   247 | D        | Killed a jelly
   273 | D        | Found Jadakk's Distillery.
   273 | D        | Found a white marble altar of Elyvilon.
   273 | D        | Found a stormy altar of Qazlal.
   273 | D        | Found a basalt altar of Yredelemnul.
   273 | D        | Found an iron altar of Okawaru.
   273 | D        | Found a sparkling altar of Nemelex Xobeh.
   273 | D        | Found a shimmering altar of Xom.
   273 | D        | Found an ancient bone altar of Kikubaaqudgha.
   273 | D        | Noticed a yak
   275 | D        | Killed a yak
   275 | D        | Reached skill level 5 in Shields
   275 | D        | Reached XP level 7. HP: 78/78 MP: 3/3
   276 | D        | Found a burning altar of Makhleb.
   276 | D        | Found a sacrificial altar of Ru.
   276 | D        | Found a glowing golden altar of the Shining One.
   276 | D        | Found an opulent altar of Gozag.
   276 | D        | Found a glowing silver altar of Zin.
   281 | D        | Found a bloodstained altar of Trog.
   285 | D        | Bought a potion of heal wounds for 60 gold pieces
   285 | D        | Bought a potion of curing for 36 gold pieces
   285 | D        | Bought a potion of invisibility for 96 gold pieces
   290 | D        | Noticed Sonja
   304 | D        | Slain by Sonja

Action                   |  1- 3 |  4- 6 |  7- 9 || total
-------------------------+-------+-------+-------++-------
Melee: Unarmed           |    15 |    20 |     5 ||    40
  Use: Potion            |       |       |     3 ||     3
  Eat: Chunk             |     2 |     5 |     1 ||     8
